 Dungeon Crawl Stone Soup version 0.25.0-26-g0c896c7088 (webtiles) character file.

Game seed: 17277307652950615261

1675 protoss039 the Cleaver (level 8, 0/70 HPs)
             Began as a Minotaur Fighter on July 3, 2020.
             Was an Initiate of Okawaru.
             Slain by a vampire (7 damage)
             ... on level 7 of the Dungeon.
             The game lasted 00:09:28 (6690 turns).

protoss039 the Cleaver (Minotaur Fighter)           Turns: 6690, Time: 00:09:29

Health: 0/70       AC: 13    Str: 22    XL:     8   Next: 70%
Magic:  7/7        EV:  9    Int: 11    God:    Okawaru [......]
Gold:   332        SH: 10    Dex: 11    Spells: 7/7 levels left

rFire    + . .     SeeInvis .   a - +0 war axe
rCold    . . .     Gourm    .   c - +0 kite shield
rNeg     . . .     Faith    .   C - +2 ring mail {rF+}
rPois    .         Spirit   .   (helmet restricted)
rElec    .         Reflect  .   (no cloak)
rCorr    .         Harm     .   (no gloves)
MR       .....                  F - +0 pair of boots
Stlth    +.........             (no amulet)
HPRegen  0.21/turn              o - +4 ring of protection
MPRegen  0.10/turn              n - +6 ring of intelligence

@: berserk cooldown, slowed, very slow
A: retaliatory headbutt, horns 2
a: Renounce Religion


You were on level 7 of the Dungeon.
You worshipped Okawaru.
Okawaru was noncommittal.
You were near starving.

You visited 2 branches of the dungeon, and saw 8 of its levels.

You collected 332 gold pieces.

Inventory:

Hand Weapons
 a - a +0 war axe (weapon)
Armour
 b - a +0 scale mail
 c - a +0 kite shield (worn)
 z - the +1 scale mail of Rout Ujota {rF- rCorr Int+2 Dex+9}
   (You found it on level 5 of the Dungeon)

   It affects your intelligence (+2).
   It affects your dexterity (+9).
   It makes you vulnerable to fire.
   It provides partial protection from all sources of acid and corrosion.
 C - a +2 ring mail of fire resistance (worn)
 F - a +0 pair of boots (worn)
Magical Staves
 w - an uncursed staff of earth {unknown}
Jewellery
 e - an uncursed ring of fire
 n - a +6 ring of intelligence (right hand)
 o - a +4 ring of protection (left hand)
 q - an uncursed ring of stealth {unknown}
 D - an uncursed ring of see invisible {unknown}
Wands
 v - a wand of polymorph (13)
 y - a wand of flame (20)
 H - a wand of clouds (4)
Scrolls
 d - a scroll of enchant armour {unknown}
 g - 2 scrolls of immolation {unknown}
 i - 7 scrolls of identify {unknown}
 l - 8 scrolls of remove curse
 m - 4 scrolls of teleportation {unknown}
 s - a scroll of blinking {unknown}
 u - 3 scrolls of enchant weapon {unknown}
 B - a scroll of fog {unknown}
 E - a scroll of random uselessness {unknown}
 G - a scroll of amnesia {unknown}
Potions
 h - 4 potions of curing {unknown}
 j - 5 potions of berserk rage
 k - a potion of flight {unknown}
 p - a potion of lignification {unknown}
 r - a potion of stabbing {unknown}
 t - 3 potions of magic {unknown}
 x - 3 potions of ambrosia {unknown}
 A - 2 potions of degeneration {unknown}
 I - a potion of cancellation {unknown}
Comestibles
 f - 11 rations


   Skills:
 + Level 6.2 Fighting
 + Level 9.2 Axes
 + Level 7.0 Armour
 - Level 0.7 Dodging
 + Level 6.8 Shields


You had 7 spell levels left.
You didn't know any spells.
Your spell library contained the following spells:

 Spells                   Type           Power        Failure   Level  Hunger
 Foxfire                  Conj/Fire      #...         83%         1    ##.....
 Conjure Flame            Conj/Fire      #.......     99%         3    ####...
 Inner Flame              Hex/Fire       #.......     99%         3    ####...
 Sticky Flame             Conj/Fire      #.......     100%        4    #####..
 Fireball                 Conj/Fire      #.........   100%        5    ######.


Dungeon Overview and Level Annotations

Branches:
Dungeon (7/15)             Temple (1/1) D:7

Altars:
Ashenzari
Cheibriados
Dithmenos
Elyvilon
Fedhas
Gozag
Hepliaklqana
Kikubaaqudgha
Makhleb
Nemelex Xobeh
Okawaru
Qazlal
Ru
Sif Muna
Trog
Uskayaw
Vehumet
Wu Jian
Xom
Yredelemnul
Zin
The Shining One

Annotations:
D:6 3 runed translucent doors, SamuraiZach's ghost, novice TrBe


Innate Abilities, Weirdness & Mutations

You reflexively headbutt those who attack you in melee.
You have a pair of horns on your head.


Message History

Unknown command.
Unknown command.
You barely miss something.
You feel less confused. Something hits you but does no damage.
Something bites you.
* * * LOW HITPOINT WARNING * * *
Something draws strength from your injuries!
Something hits you but does no damage. You block something's attack.
Unknown command.
Unknown command.
You completely miss something.
You hear some strange, mumbled words.
Something tries to affect you, but you resist.
Something hits you but does no damage. Something completely misses you.
Unknown command.
Unknown command.
You hit something. You block something's attack.
Something bites you but does no damage. Something completely misses you.
Something bites you!
You die...

#.#...........##.#
#................###
#.......###........#
.# #.#.#.#.#
#........# .#
#...#.#.# #........#
.# #...#.#.#
#........# .#
#.......# #........#
.# #.#.#.###
###'###### .#
#.#...# #@# .#
#.##..# #.{......
<###.##.># #########
.[.#.###.# ...#.#
#.# .....# #.#
.....# #.# ####.#
#.# #<...# #.#


There were no monsters in sight!

Vanquished Creatures
  Sigmund (D:4)
  An orc warrior (D:6)
  An ice beast (D:5)
  A sky beast (D:5)
  2 ogres
  A phantom (D:4)
  A centaur (D:6)
  A bullfrog (D:6)
  2 scorpions (D:6)
  2 howler monkeys
  A crimson imp (D:7)
  2 bullfrog skeletons (D:6)
  2 jellies
  2 orc wizards
  2 centaur skeletons
  Natasha (thrice) (D:4)
  3 worker ants
  A hound zombie (D:5)
  Robin (D:4)
  3 gnolls (D:6)
  7 adders
  An adder skeleton (D:5)
  5 worms
  6 leopard geckos
  16 orcs
  2 ball pythons
  8 bats
  6 giant cockroaches
  15 goblins
  10 hobgoblins
  5 jackals
  2 quokkas (D:5)
  9 frilled lizards
  A giant cockroach zombie (D:5)
  A jackal skeleton (D:4)
  5 kobolds
  7 rats
139 creatures vanquished.

Vanquished Creatures (others)
  10 fungi (D:4)
10 creatures vanquished.

Grand Total: 149 creatures vanquished

Notes
Turn   | Place    | Note
-------+----------+-------------------------------------------
     0 | D:1      | protoss039 the Minotaur Fighter began the quest for the
                  | Orb.
     0 | D:1      | Reached XP level 1. HP: 19/19 MP: 0/0
   226 | D:1      | Reached XP level 2. HP: 27/27 MP: 1/1
   657 | D:2      | Reached skill level 3 in Axes
   657 | D:2      | Reached XP level 3. HP: 31/33 MP: 2/2
   895 | D:2      | Reached XP level 4. HP: 14/40 MP: 3/3
  1454 | D:3      | Reached skill level 4 in Axes
  1848 | D:3      | Reached XP level 5. HP: 38/46 MP: 4/4
  2220 | D:4      | Noticed Natasha
  2227 | D:4      | Killed Natasha
  2403 | D:4      | Noticed Natasha
  2408 | D:4      | Killed Natasha
  2416 | D:4      | Reached skill level 5 in Axes
  2416 | D:4      | Reached skill level 5 in Shields
  2419 | D:4      | Noticed Sigmund
  2426 | D:4      | Killed Sigmund
  2426 | D:4      | Reached XP level 6. HP: 44/53 MP: 5/5
  2583 | D:4      | Reached skill level 5 in Armour
  2696 | D:4      | Reached skill level 6 in Axes
  2988 | D:4      | Found an opulent altar of Gozag.
  3237 | D:4      | Reached XP level 7. HP: 55/60 MP: 6/6
  3309 | D:4      | Identified the cursed +0 helmet of Oblivion {rF- Str+5}
  3309 | D:4      | Noticed Robin
  3337 | D:4      | Killed Robin
  3387 | D:4      | Noticed Natasha
  3395 | D:4      | Killed Natasha
  3933 | D:5      | Entered Level 5 of the Dungeon
  3953 | D:5      | Reached skill level 5 in Fighting
  3953 | D:5      | Reached skill level 7 in Axes
  4339 | D:5      | Reached XP level 8. HP: 42/69 MP: 7/7
  4579 | D:5      | Found a blossoming altar of Fedhas.
  4760 | D:5      | Got a smoking scale mail
  4771 | D:5      | Identified the +1 scale mail of Rout Ujota {rF- rCorr Int+2
                  | Dex+9} (You found it on level 5 of the Dungeon)
  5047 | D:6      | Reached skill level 8 in Axes
  5072 | D:6      | Found a runed translucent gate.
  5072 | D:6      | Found a runed translucent gate.
  5072 | D:6      | Found a runed translucent gate.
  5662 | D:6      | Noticed SamuraiZach's ghost (novice TrBe)
  5735 | D:6      | Reached skill level 9 in Axes
  6223 | D:7      | Found a staircase to the Ecumenical Temple.
  6363 | Temple   | Entered the Ecumenical Temple
  6373 | Temple   | Became a worshipper of Warmaster Okawaru
  6490 | D:7      | Found a hide-covered altar of Uskayaw.
  6690 | D:7      | Slain by a vampire

Illustrated notes

Levels and vault maps discovered:
D:1:      erik_arrival_blinker_ship, layout_rooms, minmay_tetromino_t2
D:2:      layout_basic, first_ration, kennysheep_generic_room_2
D:3:      layout_loops_ring
D:4:      layout_loops_corners, serial_aquarium, aquarium_bridge_square
          [aquarium_subvault_window, aquarium_subvault_balcony,
          aquarium_subvault_bridge, aquarium_subvault_bridge],
          aquarium_bridge_square [aquarium_subvault_balcony,
          aquarium_subvault_bridge, aquarium_subvault_bridge,
          aquarium_subvault_bridge], aquarium_window_corridor_3,
          aquarium_window_fake, aquarium_window_fake, aquarium_view_2d,
          aquarium_view_2c, aquarium_pool_side, serial_bayou_lagoon_a,
          nicolae_gozag_cash_rules_everything_around_me, uniq_sigmund,
          uniq_natasha, uniq_robin
D:5:      layout_rooms, fedhas_altar_4
D:6:      layout_basic, gammafunk_ghost_icy
D:7:      layout_basic, eat_drink_and_be_merry_uskayaw,
          minmay_temple_entry_crystal_x
Temple:   grunt_wide_crystal_templ

Skill      XL: |  1  2  3  4  5  6  7  8 |
---------------+-------------------------+-----
Armour         | 4 5 6 7 |  7.0
Fighting       | 4 5 6 |  6.2
Axes           | 3 4 5 6 7 9 |  9.2
Shields        | 4 5 6 |  6.8
Dodging        | |  0.7

Action                   |  1- 3 |  4- 6 |  7- 9 || total
-------------------------+-------+-------+-------++-------
Melee: War axe           |   100 |   116 |   175 ||   391
       Headbutt          |    10 |    14 |    40 ||    64
  Use: Potion            |     1 |     1 |     1 ||     3
       Scroll            |       |       |     1 ||     1
  Eat: Chunk             |       |     8 |     9 ||    17
Armor: Scale mail        |    53 |    40 |    34 ||   127
       Ring mail         |       |       |    34 ||    34
Dodge: Dodged            |    27 |    34 |    44 ||   105
Block: Kite shield       |    61 |    57 |    75 ||   193
